 Dungeon Crawl Stone Soup version 0.17.1-3-g152610e (webtiles) character file.

110 kaze the Shield-Bearer (level 4, -5/29 HPs)
             Began as a Gargoyle Fighter on Mar 16, 2016.
             Slain by an ogre
             ... wielding a +0 giant club
              (11 damage)
             ... on level 4 of the Dungeon.
             The game lasted 00:04:47 (2111 turns).

kaze the Shield-Bearer (Gargoyle Fighter)           Turns: 2111, Time: 00:04:47

Health: -5/29      AC: 10    Str: 20    XL:     4   Next: 91%
Magic:  4/4        EV:  8    Int:  9    God:
Gold:   198        SH:  9    Dex:  9    Spells: 0 memorised, 3 levels left

rFire  . . .     SeeInvis .     a - +1 war axe
rCold  . . .     Clarity  .     b - +0 scale mail
rNeg   + . .     SustAt   .     c - +0 shield
rPois  ∞         Gourm    .     (no helmet)
rElec  +         Spirit   .     (no cloak)
rCorr  .         Warding  .     (no gloves)
rMut   .         Stasis   .     (no boots)
MR     .....                    (no amulet)
Stlth  ..........               (no ring)
                                (no ring)

@: not resistant to hostile enchantments, extremely unstealthy
A: negative energy resistance 1, electricity resistance, unbreathing,
petrification resistance, rot immunity, AC +3
a: no special abilities


You were on level 4 of the Dungeon.
You were very full.

You visited 1 branch of the dungeon, and saw 4 of its levels.

You collected 198 gold pieces.

Inventory:

Hand Weapons
 a - a +1 war axe (weapon)
Missiles
 n - 2 tomahawks (quivered)
Armour
 b - a +0 scale mail (worn)
 c - a +0 shield (worn)
Wands
 s - a wand of disintegration (10)
Scrolls
 f - a scroll of enchant armour {unknown}
 k - a scroll of identify
 l - a scroll of teleportation
 m - a scroll of remove curse
 o - a scroll of magic mapping {unknown}
 q - a scroll of recharging {unknown}
 t - a scroll of immolation {unknown}
Potions
 d - a potion of might
 g - 2 potions of brilliance {unknown}
 h - 3 potions of curing {unknown}
 j - a potion of mutation {unknown}
 p - 2 potions of degeneration {unknown}
 r - 2 potions of lignification {unknown}
Comestibles
 e - 2 bread rations
 i - a meat ration


   Skills:
 + Level 3.9 Fighting
 + Level 2.5 Axes
 + Level 3.8 Armour
 + Level 1.4 Dodging
 + Level 4.0 Shields


You had 3 spell levels left.
You didn't know any spells.

Dungeon Overview and Level Annotations

Branches:
Dungeon (4/15)
 Temple: D:4-7

Altars:


Innate Abilities, Weirdness & Mutations

You are resistant to torment.
Your stone body is resilient (AC +3).
You are immune to poison.
You resist negative energy.
You are resistant to electric shocks.
You can survive without breathing.
You are immune to petrification.
You are immune to rotting.


Message History

You are too injured to fight recklessly!
You are too injured to fight recklessly!
You are too injured to fight recklessly!
You are too injured to fight recklessly!
You are too injured to fight recklessly!
You are too injured to fight recklessly!
You are too injured to fight recklessly!
You are too injured to fight recklessly!
You are too injured to fight recklessly!
You are too injured to fight recklessly!
You are too injured to fight recklessly!
You are too injured to fight recklessly!
You are too injured to fight recklessly!
You are too injured to fight recklessly!
You are too injured to fight recklessly!
You are too injured to fight recklessly!
You are too injured to fight recklessly!
You are too injured to fight recklessly!
The ogre hits you with a giant club!
You die...

#.#.. ...# #.#.# ...#
#.#.# ########...##
#.... ##..<.........
...# #.............
#.###.............
####...#.#####.#....#
#...........##.# ...#
#.##@....##.##.# ..#
#.##.O...# ##.# .#
#........# <.. #
#.###.#.###.##..
#...........####
#.#########.#


You could see an ogre.

Vanquished Creatures
  4 adders
  An ooze (D:1)
  3 worms
  4 giant geckos
  4 orcs (D:3)
  2 ball pythons
  3 giant cockroaches
  4 hobgoblins
  2 quokkas
  5 bats
  7 giant newts
  6 goblins
  3 jackals (D:2)
  A jackal skeleton (D:4)
  6 kobolds
  4 rats
59 creatures vanquished.

Notes
Turn   | Place    | Note
--------------------------------------------------------------
     0 | D:1      | kaze the Gargoyle Fighter began the quest for the Orb.
     0 | D:1      | Reached XP level 1. HP: 14/14 MP: 1/1
   116 | D:1      | Reached XP level 2. HP: 17/19 MP: 2/2
   649 | D:2      | Reached XP level 3. HP: 24/24 MP: 3/3
  1296 | D:2      | Reached skill level 1 in Dodging
  1485 | D:3      | Reached XP level 4. HP: 27/29 MP: 4/4
  2080 | D:4      | Reached skill level 4 in Shields
  2099 | D:4      | Noticed an ogre
  2111 | D:4      | Slain by an ogre

Action                   |  1- 3 |  4- 6 || total
-------------------------+-------+-------++-------
Melee: War axe           |   137 |    62 ||   199
  Use: Scroll            |       |     4 ||     4
  Eat: Chunk             |     2 |     1 ||     3
       Bread ration      |       |     2 ||     2
